 Dungeon Crawl Stone Soup version 0.32-a0-918-g0f22ef8d61 (webtiles) character file.

Game seed: 792293424003929001

98 porpoise the Shooter (level 4, 0/37 HPs)
             Began as a Demigod Hunter on Apr 11, 2024.
             Slain by an orc wizard
             ... wielding a +0 dagger
              (2 damage)
             ... on level 3 of the Dungeon.
             The game lasted 00:03:32 (1586 turns).

porpoise the Shooter (Demigod Hunter)               Turns: 1586, Time: 00:03:32

Health: 0/37       AC:  3    Str: 12    XL:     4   Next: 20%
Magic:  6/6        EV: 11    Int: 11    God:
Gold:   135        SH:  0    Dex: 21    Spells: 3/3 levels left

rFire   . . .        a - +0 shortbow
rCold   . . .        (shield currently unavailable)
rNeg    . . .        c - +0 leather armour
rPois   .            (no helmet)
rElec   .            (no cloak)
rCorr   .            (no gloves)
SInv    .            (no boots)
Will    .....        (no amulet)
Stlth   +            (no ring)
HPRegen 0.26/turn    (no ring)
MPRegen 0.10/turn

%: no passive effects
@: confused
A: high MP 1, forlorn, divine attributes
a: no special abilities


You were on level 3 of the Dungeon.
You visited 1 branch of the dungeon, and saw 3 of its levels.

You collected 135 gold pieces.

Inventory:

Hand Weapons
 a - a +0 shortbow (weapon)
 b - a +2 dagger of venom
Missiles
 h - 2 poisoned darts
 m - 2 boomerangs
Armour
 c - a +0 leather armour (worn)
Wands
 f - a wand of paralysis (9)
Scrolls
 d - 2 scrolls of immolation
 e - a scroll of enchant armour {unknown}
 g - a scroll of teleportation {unknown}
 i - a scroll of poison {unknown}
 j - a scroll of revelation {unknown}
 k - a scroll of butterflies
 l - 5 scrolls of identify
 n - a scroll of blinking {unknown}


   Skills:
 + Level 2.8 Fighting
 * Level 4.8 Ranged Weapons
 - Level 1.7 Dodging
 - Level 0.8 Stealth


You had 3 spell levels left.
You didn't know any spells.
Your spell library contained the following spells:

 Spells                   Type           Power      Damage    Failure   Level
 Passwall                 Erth           0%         N/A       80%         3
 Volatile Blastmotes      Fire/Tloc      0%         2d10      80%         3
 Vhi's Electric Charge    Tloc/Air       0%         N/A       99%         4
 Bombard                  Conj/Erth      0%         9d1       100%        6


Dungeon Overview and Level Annotations

Branches:
Dungeon (3/15)


Innate Abilities, Weirdness & Mutations

You have an increased reservoir of magic. (+10% MP)
You shall have no god before yourself.
Your divine heritage dramatically boosts your attributes as you level up.


Message History

You shoot an arrow. The arrow hits the orc.
You kill the orc!
The orc hits you with a +0 hand axe.
You shoot an arrow. The arrow barely misses the orc.
The orc barely misses you.
Something hits you. x2; The orc barely misses you.
You shoot an arrow. The arrow hits the orc!
The orc is almost dead.
The orc hits you with a +0 hand axe. Something hits you.
You shoot an arrow. The arrow barely misses the orc.
The orc completely misses you. Something hits you.
You shoot an arrow. The arrow closely misses the orc.
The orc hits you with a +0 hand axe.
You hear some strange, mumbled words.
A magic dart appears from out of thin air!
The magic dart hits you!
You are too injured to fight recklessly!
You are too injured to fight recklessly!
You are too injured to fight recklessly!
You shoot an arrow. The arrow hits the orc!
You kill the orc!
Something hits you but does no damage.
You shoot an arrow. Something hits you but does no damage. Something hits you.
* * * LOW HITPOINT WARNING * * *
You shoot an arrow.
You hear some strange, mumbled words.
A puff of flame appears from out of thin air!
The puff of flame hits you!
* * * LOW HITPOINT WARNING * * *
You shoot an arrow. Something hits you but does no damage.
You shoot an arrow. Something hits you but does no damage.
You shoot an arrow.
You hear some strange, mumbled words.
You are confused.
Something barely misses you.
You closely miss something. Something hits you.
* * * LOW HITPOINT WARNING * * *
You aren't carrying any potions.
Unknown command.
You bump into the rock wall.
Something hits you.
You die...

...
#.#..#)#
#....#.#
#.....$.
##...##)#
....##.#
#..##{#
###..##@#
+..<..).#
####.####
#.# #.#
#.# ###.#
#...#
###.###


There were no monsters in sight!

Vanquished Creatures
  Ijyb (D:3)
  3 adders (D:2)
  A ribbon worm (D:2)
  4 orcs (D:3)
  3 bats
  5 endoplasms
  2 goblins (D:1)
  4 hobgoblins
  4 jackals (D:3)
  2 kobolds
  2 quokkas (D:1)
  A ball python (D:1)
  A frilled lizard (D:1)
  3 rats
36 creatures vanquished.

Notes
Turn   | Place    | Note
-------+----------+-------------------------------------------
     0 | D:1      | porpoise the Demigod Hunter began the quest for the Orb.
     0 | D:1      | Reached XP level 1. HP: 17/17 MP: 3/3
   394 | D:1      | Reached XP level 2. HP: 24/24 MP: 4/4
   400 | D:1      | Reached skill level 4 in Ranged Weapons
   888 | D:2      | Reached XP level 3. HP: 21/30 MP: 5/5
  1446 | D:3      | Noticed Ijyb
  1452 | D:3      | Paralysed by Ijyb for 5 turns
  1465 | D:3      | Killed Ijyb
  1466 | D:3      | Reached XP level 4. HP: 25/37 MP: 6/6
  1586 | D:3      | Slain by an orc wizard

Illustrated notes

Levels and vault maps discovered:
D:1:      erik_arrival_blinker_ship, layout_rooms,
          hellmonk_ecumenical_altar_crossroads, hex_intersection
D:2:      layout_loops_ring, basic_altar, minmay_pentomino_pile
D:3:      layout_basic, chequers_temple_overflow_minitemple, uniq_robin,
          uniq_ijyb

Skill      XL: |  1  2 |
---------------+-------+-----
Fighting       | 2 |  2.8
Ranged Weapons | 4 |  4.8
Dodging        | |  1.7
Stealth        | |  0.8

Action                     |  1- 3 |  4- 6 || total
---------------------------+-------+-------++-------
  Melee: Shortbow          |       |     1 ||     1
   Fire: Shortbow          |    93 |    27 ||   120
    Use: Potion            |     1 |       ||     1
         Scroll            |       |     1 ||     1
 Armour: Leather armour    |    41 |    27 ||    68
  Dodge: Dodged            |    15 |    10 ||    25

Table legend: (Time is in decaauts)
 A = Elapsed time spent in this place.
 B = Non-inter-level travel time spent in this place.
 C = Inter-level travel time spent in this place.
 D = Time resting spent in this place.
 E = Time spent auto-exploring this place.
 F = Levels seen in this place.
 G = Mean time per level.
                   A        B        C        D        E       F      G
               +--------+--------+--------+--------+--------+-----+--------+
         Total |   1612 |   1570 |     42 |    291 |   1029 |   3 |  537.3 |
       Dungeon |   1612 |   1570 |     42 |    291 |   1029 |   3 |  537.3 |
               +--------+--------+--------+--------+--------+-----+--------+

Top non-repeatable levels by time:
     D:1: 755 daAuts
     D:2: 704 daAuts
     D:3: 152 daAuts
